 Dungeon Crawl Stone Soup version 0.28-a0-1159-g27aa881441 (webtiles) character file.

Game seed: 3286333137120362099

4132 SensoryNuts the Carver (level 10, -6/77 HPs)
             Began as a Demonspawn Fighter on Dec 15, 2021.
             Mangled by a yak (9 damage)
             ... on level 9 of the Dungeon.
             The game lasted 00:12:41 (10484 turns).

SensoryNuts the Carver (Demonspawn Fighter)        Turns: 10484, Time: 00:12:42

Health: -6/77      AC: 15    Str: 25    XL:     10   Next: 6%
Magic:  10/10      EV:  8    Int: 10    God:
Gold:   561        SH:  6    Dex: 17    Spells: 9/9 levels left

rFire   + . .      SeeInvis +   q - +2 long sword
rCold   + . .      Faith    .   c - +0 buckler
rNeg    + . .      Spirit   .   t - +2 plate armour {rC+}
rPois   .          Reflect  .   (no helmet)
rElec   +          Harm     .   (no cloak)
rCorr   .          Rampage  .   (no gloves)
Will    .....                   (no boots)
Stlth   ..........              (no amulet)
HPRegen 0.22/turn               i - ring of Gulaewny {rElec rN+ Str+3 SInv}
MPRegen 0.12/turn               k - ring "Tonny" {Contam rF+ Str+2 Dex+4 Stlth+}

@: invisible
A: claws 2, spiny 1
a: no special abilities


You were on level 9 of the Dungeon.
You visited 2 branches of the dungeon, and saw 10 of its levels.

You collected 1699 gold pieces.
You spent 1138 gold pieces at shops.

Inventory:

Hand Weapons
 a - a +1 long sword
 f - a +1 short sword of speed
 q - a +2 long sword (weapon)
Armour
 b - a +0 scale mail
 c - a +0 buckler (worn)
 j - a +0 plate armour
 t - a +2 plate armour of cold resistance (worn)
Jewellery
 e - a ring of protection from cold
 i - the ring of Gulaewny (left claw) {rElec rN+ Str+3 SInv}
   (You bought it in a shop on level 1 of the Dungeon)

   [ring of see invisible]

   Str:       It affects your strength (+3).
   rElec:     It insulates you from electricity.
   rN:        It protects you from negative energy.
   SInv:      It lets you see invisible.
 k - the ring "Tonny" (right claw) {Contam rF+ Str+2 Dex+4 Stlth+}
   (You bought it in a shop on level 1 of the Dungeon)

   [ring of protection from fire]

   Str:       It affects your strength (+2).
   Dex:       It affects your dexterity (+4).
   rF:        It protects you from fire.
   Contam:    It causes magical contamination when unequipped.
   Stlth:     It makes you more stealthy.
 o - the ring "Weiplith" {Ice Slay+2 Stlth+}
   (You took it off a gnoll on level 7 of the Dungeon)

   [ring of ice]

   It enhances your ice magic.
   Slay:      It affects your accuracy & damage with ranged weapons and melee
   (+2).
   rF:        It makes you vulnerable to fire.
   rC:        It protects you from cold.
   Stlth:     It makes you more stealthy.
 w - the ring of Etakh {rC+ Str+4 Int+2 Stlth-}
   (You found it on level 8 of the Dungeon)

   [ring of protection from cold]

   Str:       It affects your strength (+4).
   Int:       It affects your intelligence (+2).
   rC:        It protects you from cold.
   Stlth:     It makes you less stealthy.
Wands
 d - a wand of flame (9)
 g - a wand of paralysis (11)
Scrolls
 h - a scroll of blinking
 l - a scroll of fog {unknown}
 m - 2 scrolls of immolation
 s - a scroll of silence
 v - a scroll of identify
Potions
 n - a potion of brilliance
 p - 2 potions of flight
 u - a potion of haste {unknown}


   Skills:
 + Level 6.4 Fighting
 + Level 8.2 Long Blades
 + Level 7.6 Armour
 + Level 3.1 Dodging
 + Level 1.3 Stealth
 + Level 5.5 Shields


You had 9 spell levels left.
You didn't know any spells.
Your spell library contained the following spells:

 Spells                   Type           Power      Damage    Failure   Level
 Foxfire                  Conj/Fire      0%         2x1d4     99%         1
 Pain                     Necr           0%         1d4       99%         1
 Ensorcelled Hibernation  Hex/Ice        0%         N/A       100%        2
 Conjure Flame            Conj/Fire      0%         6-21      100%        3
 Inner Flame              Hex/Fire       0%         N/A       100%        3
 Spider Form              Tmut/Pois      0%         N/A       100%        3
 Summon Guardian Golem    Hex/Summ       0%         N/A       100%        3
 Flame Wave               Conj/Fire      0%         2d4       100%        4
 Agony                    Necr           0%         N/A       100%        5
 Excruciating Wounds      Necr           0%         N/A       100%        5
 Orb of Destruction       Conj           0%         N/A       100%        7
 Spellforged Servitor     Conj/Summ      0%         N/A       100%        7


Dungeon Overview and Level Annotations

Branches:
Dungeon (9/15)             Temple (1/1) D:7
   Lair: D:8-11         Orc: D:9-12

Altars:
Ashenzari
Cheibriados
Dithmenos
Elyvilon
Fedhas
Hepliaklqana
Makhleb
Nemelex Xobeh
Okawaru
Qazlal
Ru
Trog
Vehumet
Wu Jian
Xom
Yredelemnul
Zin
The Shining One

Shops:
D:1 =   D:5 (


Innate Abilities, Weirdness & Mutations

You have very sharp fingernails.
You are partially covered in sharp spines.


Message History

The yak is lightly wounded.
The yak gores you but does no damage.
You hit the yak.
The yak is lightly wounded.
The yak is struck by your spines. The yak gores you.
You hit the yak.
The yak is heavily wounded.
The yak is struck by your spines. The yak gores you.
You slash the yak!
You kill the yak!
You have reached level 10!
You hit the yak.
The yak is moderately wounded.
You hit the yak.
The yak is moderately wounded.
The yak gores you. The yak gores you but does no damage.
You slash the yak!
The yak is heavily wounded.
The yak gores you. The yak is struck by your spines. The yak gores you!
* * * LOW HITPOINT WARNING * * *
Unknown command.
Okay, then.
The yak is struck by your spines. The yak barely misses you.
You slash the yak!
The yak is severely wounded.
The yak gores you.
* * * LOW HITPOINT WARNING * * *
You hit the yak.
The yak is severely wounded.
The yak is struck by your spines. The yak gores you!
* * * LOW HITPOINT WARNING * * *
It was a potion of invisibility.
You fade into invisibility!
You block the yak's attack.
You slash the yak!
You kill the yak!
You hit the yak but do no damage.
The yak is heavily wounded.
The yak gores you!
You die...

#..........## #...##
y.y..#
##..........####...#
.....
#..#####....##...##
..... #..#
##........## #.....
####.##
#######....####.<....
##...#
#.....#......#.......
.....#
#.._..#.####.........
.....# ##...##Y#
###....... ..#..##
#....@## #......
##....# ###.#..#
###... #.####
#......# .. #.#
#####..# . ### ####


You could see a yak.

Vanquished Creatures
  Pikel (D:6)
  Grinder (D:3)
  4 yaks (D:9)
  A steam dragon (D:6)
  2 orc warriors (D:6)
  A hornet zombie (D:8)
  A necrophage (D:6)
  An ice beast (D:7)
  An ogre (D:5)
  A black bear (D:8)
  2 centaurs
  A gnoll sergeant (D:9)
  2 scorpions (D:5)
  2 bullfrogs (D:7)
  13 killer bees
  A water moccasin skeleton (D:5)
  4 wights (D:7)
  A centaur skeleton (D:4)
  A centaur zombie (D:9)
  A hound (D:7)
  3 jellies
  2 gnoll shamans
  3 orc priests
  Natasha (thrice) (D:3)
  4 orc wizards
  A killer bee zombie (D:5)
  3 hound skeletons
  A howler monkey zombie (D:7)
  13 gnolls
  A howler monkey skeleton (D:5)
  9 adders
  A shadow imp (D:5)
  2 white imps
  2 ufetubi (D:5)
  An adder skeleton (D:4)
  2 worms
  5 dart slugs
  26 orcs
  5 endoplasms
  5 giant cockroaches
  9 goblins
  5 hobgoblins
  2 jackals (D:3)
  3 quokkas
  9 ball pythons
  4 bats (D:1)
  2 frilled lizards
  6 kobolds
  5 rats
179 creatures vanquished.

Notes
Turn   | Place    | Note
-------+----------+-------------------------------------------
     0 | D:1      | SensoryNuts the Demonspawn Fighter began the quest for the
                  | Orb.
     0 | D:1      | Reached XP level 1. HP: 18/18 MP: 1/1
   298 | D:1      | Gained mutation: You have sharp fingernails. [demonic
                  | ancestry]
   298 | D:1      | Reached XP level 2. HP: 16/24 MP: 2/2
   410 | D:1      | Reached skill level 2 in Long Blades
   664 | D:1      | Reached XP level 3. HP: 21/29 MP: 3/3
   840 | D:1      | Found Ollotang's One-of-a-Kind Rings.
  1330 | D:2      | Reached skill level 3 in Long Blades
  1500 | D:2      | Reached XP level 4. HP: 34/35 MP: 4/4
  1988 | D:2      | Found a faded altar of an unknown god.
  2363 | D:3      | Noticed Natasha
  2385 | D:3      | Killed Natasha
  2663 | D:3      | Noticed Natasha
  2665 | D:3      | Noticed Grinder
  2668 | D:3      | Killed Natasha
  2669 | D:3      | Gained mutation: You are partially covered in sharp spines.
                  | [demonic ancestry]
  2669 | D:3      | Reached XP level 5. HP: 25/42 MP: 5/5
  2675 | D:3      | Killed Grinder
  2676 | D:3      | Reached skill level 4 in Long Blades
  2676 | D:3      | Reached skill level 1 in Dodging
  2676 | D:3      | Gained mutation: You have very sharp fingernails. [demonic
                  | ancestry]
  2676 | D:3      | Reached XP level 6. HP: 4/48 MP: 6/6
  2980 | D:3      | Noticed Natasha
  2993 | D:3      | Killed Natasha
  3749 | D:3      | Identified a scroll of acquirement
  3749 | D:3      | Acquired 1252 gold pieces
  4470 | D:4      | Reached XP level 7. HP: 49/55 MP: 7/7
  5042 | D:1      | Bought the ring of Gulaewny {rElec rN+ Str+3 SInv} for 553
                  | gold pieces
  5042 | D:1      | Bought the ring "Tonny" {Contam rF+ Str+2 Dex+4 Stlth+} for
                  | 585 gold pieces
  5166 | D:5      | Entered Level 5 of the Dungeon
  5332 | D:5      | Reached skill level 5 in Long Blades
  5582 | D:5      | Found a radiant altar of Vehumet.
  5613 | D:5      | Found Qasyi's Weapon Shoppe.
  5982 | D:5      | Found a shimmering altar of Xom.
  6289 | D:6      | Reached XP level 8. HP: 60/61 MP: 8/8
  6318 | D:6      | Noticed Pikel
  6325 | D:6      | Paralysed by Pikel for 2 turns
  6348 | D:6      | Killed Pikel
  6349 | D:6      | Reached skill level 5 in Fighting
  6349 | D:6      | Reached skill level 6 in Long Blades
  6782 | D:6      | Reached skill level 5 in Armour
  7376 | D:6      | Reached skill level 1 in Stealth
  7382 | D:6      | Reached skill level 7 in Long Blades
  7382 | D:6      | Reached XP level 9. HP: 35/68 MP: 9/9
  7649 | D:7      | Found an iron altar of Okawaru.
  7710 | D:7      | Reached skill level 5 in Shields
  7734 | D:7      | Identified the ring "Weiplith" {Ice Slay+2 Stlth+}
  8170 | D:7      | Found a staircase to the Ecumenical Temple.
  8431 | Temple   | Entered the Ecumenical Temple
  8797 | D:8      | Found a basalt altar of Yredelemnul.
  8839 | D:8      | Found a shadowy altar of Dithmenos.
  9099 | D:8      | Identified the ring of Etakh {rC+ Str+4 Int+2 Stlth-}
  9218 | D:8      | Reached skill level 8 in Long Blades
 10245 | D:9      | Found a broken altar of Ashenzari.
 10470 | D:9      | Reached XP level 10. HP: 33/77 MP: 10/10
 10481 | D:9      | HP: 2/77 [yak (8)]
 10484 | D:9      | Mangled by a yak

Illustrated notes

Levels and vault maps discovered:
D:1:      wander_arrival_desolate, layout_rooms, nicolae_shop_unique_rings,
          st_stairs_2, kennysheep_doodads
D:2:      kennysheep_big_flooded_room, layout_basic,
          chequers_ecumenical_altar_twisty, kennysheep_generic_room_15
D:3:      layout_basic, uniq_grinder, uniq_natasha
D:4:      layout_loops_corners, minmay_fractal_squares_gapless_5
D:5:      minmay_inner_zag, layout_rooms, mainiacjoe_overflow_boulevard,
          gammafunk_temple_overflow_pools, zin_treasury, serial_shops,
          shop_statue
D:6:      layout_loops_ring, uniq_pikel
D:7:      layout_rooms, mainiacjoe_overflow_tiny_flanked,
          minmay_temple_entry_overgrown, minivault_24
D:8:      layout_cave_pools, mainiacjoe_overflow_surrounded_room,
          grunt_dithmenos_smoke, serial_bayou_crossing
D:9:      layout_layer_cave, mainiacjoe_overflow_alcove_1
Temple:   chequers_temple_sunken

Skill      XL: |  1  2  3  4  5  6  7  8  9 |
---------------+----------------------------+-----
Long Blades    | 2 3 4 5 7 8 |  8.2
Shields        | 3 4 5 |  5.5
Armour         | 3 4 5 7 |  7.6
Fighting       | 4 5 6 |  6.4
Dodging        | 1 2 3 |  3.1
Stealth        | 1 |  1.3

Action                   |  1- 3 |  4- 6 |  7- 9 | 10-12 || total
-------------------------+-------+-------+-------+-------++-------
Melee: Long sword        |    97 |   154 |   319 |     7 ||   577
  Use: Potion            |     2 |     2 |     4 |     1 ||     9
       Scroll            |     1 |     4 |     6 |       ||    11
Armor: Scale mail        |    59 |    59 |     4 |       ||   122
       Plate armour      |       |       |   158 |     1 ||   159
       Skin              |       |       |    43 |       ||    43
Dodge: Dodged            |    44 |    83 |   146 |     1 ||   274
Block: Buckler           |    27 |    35 |   116 |     1 ||   179

Table legend: (Time is in decaauts)
 A = Elapsed time spent in this place.
 B = Non-inter-level travel time spent in this place.
 C = Inter-level travel time spent in this place.
 D = Time resting spent in this place.
 E = Time spent auto-exploring this place.
 F = Levels seen in this place.
 G = Mean time per level.
                   A        B        C        D        E       F      G
               +--------+--------+--------+--------+--------+-----+--------+
         Total |  10622 |  10074 |    548 |      0 |   8467 |  10 | 1062.2 |
       Dungeon |  10396 |   9848 |    548 |      0 |   8283 |   9 | 1155.1 |
        Temple |    225 |    225 |      0 |      0 |    183 |   1 |  225.0 |
               +--------+--------+--------+--------+--------+-----+--------+

Top non-repeatable levels by time:
     D:3: 1567 daAuts
     D:2: 1472 daAuts
     D:6: 1421 daAuts
     D:4: 1131 daAuts
     D:8: 1131 daAuts
     D:5: 1072 daAuts
     D:1: 1064 daAuts
     D:7: 809 daAuts
     D:9: 727 daAuts
  Temple: 225 daAuts
